 Dungeon Crawl Stone Soup version 0.31-a0-925-g0a390f2509 (webtiles) character file.

Game seed: 12093463225939292580

95 Ekaitz the Digger (level 4, -5/28 HPs)
             Began as an Octopode Earth Elementalist on Oct 18, 2023.
             Slain by Sigmund
             ... wielding a +0 scythe
              (10 damage)
             ... on level 3 of the Dungeon.
             The game lasted 00:05:36 (2609 turns).

Ekaitz the Digger (Octopode Earth Elementalist)     Turns: 2609, Time: 00:05:37

Health: -5/28      AC:  1    Str:  7    XL:     4   Next: 65%
Magic:  0/7        EV: 13    Int: 17    God:
Gold:   109        SH:  0    Dex: 14    Spells: 1/7 levels left

rFire   . . .        f - +2 spear (venom)
rCold   . . .        (no shield)
rNeg    . . .        (helmet restricted)
rPois   .            (no amulet)
rElec   .            t - +4 ring of slaying
rCorr   .            (no ring)
SInv    .            (no ring)
Will    .....        (no ring)
Stlth   +++          (no ring)
HPRegen 0.24/turn    (no ring)
MPRegen 0.10/turn    (no ring)
                     (no ring)

%: no passive effects
@: very slightly contaminated
A: almost no armour, amphibious, 8 rings, camouflage 1, gelatinous body 1,
(nimble swimmer 1), tentacles
a: no special abilities


You were on level 3 of the Dungeon.
You visited 1 branch of the dungeon, and saw 3 of its levels.

You collected 109 gold pieces.

Inventory:

Hand Weapons
 e - a +3 quarterstaff
 f - a +2 spear of venom (weapon)
 h - a +0 dagger
Missiles
 b - 6 datura-tipped darts
 o - 2 poisoned darts
Jewellery
 t - a +4 ring of slaying (left tentacle)
Scrolls
 i - a scroll of enchant armour {unknown}
 k - 2 scrolls of poison {unknown}
 m - a scroll of teleportation {unknown}
 p - a scroll of identify {unknown}
 r - a scroll of butterflies {unknown}
 s - a scroll of vulnerability {unknown}
Potions
 a - a potion of magic
 c - 2 potions of mutation {unknown}
 d - 2 potions of cancellation {unknown}
 g - 2 potions of heal wounds {unknown}
 j - a potion of brilliance {unknown}
 l - 2 potions of curing {unknown}
 n - 3 potions of degeneration {unknown}
 q - a potion of attraction {unknown}


   Skills:
 * Level 1.6 Fighting
 * Level 2.4 Dodging
 + Level 2.6 Stealth
 + Level 2.0 Spellcasting
 * Level 0.3 Conjurations
 + Level 1.0 Transmutations
 * Level 4.5 Earth Magic


You had one spell level left.
You knew the following spells:

 Your Spells              Type           Power      Damage    Failure   Level
a - Sandblast             Erth           34%        2d9       3%          1
b - Passwall              Tmut/Erth      9%         N/A       10%         2
c - Stone Arrow           Conj/Erth      18%        3d8       22%         3

Your spell library contained the following spells:

 Spells                   Type           Power      Damage    Failure   Level
 Magic Dart               Conj           8%         1d3       17%         1
 Summon Small Mammal      Summ           4%         N/A       19%         1
 Momentum Strike          Conj/Tloc      4%         3d8       26%         2
 Blink                    Tloc           2%         N/A       28%         2
 Call Imp                 Summ           2%         N/A       28%         2
 Lesser Beckoning         Tloc           2%         N/A       28%         2
 Call Canine Familiar     Summ           1%         N/A       50%         3
 Mephitic Cloud           Conj/Pois/Air  2%         N/A       50%         3
 Summon Guardian Golem    Hex/Summ       1%         N/A       50%         3
 Petrify                  Tmut/Erth      11%        N/A       52%         4
 Brom's Barrelling Bould  Conj/Erth      9%         2d3       56%         4
 Orb of Destruction       Conj           1%         9d5       100%        7
 Spellforged Servitor     Conj/Summ      1%         N/A       100%        7


Dungeon Overview and Level Annotations

Branches:
Dungeon (3/15)

Altars:
Ashenzari
Trog
Uskayaw

Shops:
D:1 =

Annotations:
D:3 Sigmund


Innate Abilities, Weirdness & Mutations

You cannot wear most types of armour.
You are amphibious.
You can wear up to eight rings at the same time.
Your skin changes colour to match your surroundings (Stealth+).
Your rubbery body absorbs attacks. (AC +1, EV +1)
((You are camouflaged when in or above water. (Stealth+)))
You have tentacles for arms and can constrict up to eight enemies at once.


Message History

Sigmund gestures wildly while chanting.
Sigmund flickers and vanishes!
Deactivating autopickup; reactivate with Ctrl-A.
Unknown command.
You hear a zap.
A puff of flame appears from out of thin air!
The puff of flame hits you. Something hits you!
The dart slug launches a dart at you.
The slug dart hits something.
Casting: Stone Arrow (quite dangerous; 22% risk of failure)
Confirm with . or Enter, or press ? or * to list all spells.
Aiming: Stone Arrow (quite dangerous; 22% risk of failure)
Press: ? - help, Shift-Dir - straight line Something hits you.
Unknown command.
You barely miss something. You squeeze something. Something hits you.
* * * LOW HITPOINT WARNING * * *
Casting: Stone Arrow (quite dangerous; 22% risk of failure)
Confirm with . or Enter, or press ? or * to list all spells.
Aiming: Stone Arrow (quite dangerous; 22% risk of failure)
Press: ? - help, Shift-Dir - straight line, f - dart slug
Aim: a dart slug (100% to hit)
You miscast Stone Arrow.
You are very lightly contaminated with residual magic.
Nothing appears to happen.
Something hits you.
* * * LOW HITPOINT WARNING * * *
You aren't carrying any items that you can evoke.
Casting: Stone Arrow (quite dangerous; 22% risk of failure)
Confirm with . or Enter, or press ? or * to list all spells.
Aiming: Sandblast (safe; 3% risk of failure)
Press: ? - help, Shift-Dir - straight line, f/p - dart slug
Aim: a dart slug (100% to hit)
The blast of sand hits the dart slug!
You kill the dart slug!
Something hits you.
* * * LOW HITPOINT WARNING * * *
You barely miss something. You hit something but do no damage.
Something hits you!
You die...

#.... #...# # ...#.# #...#
# .....# ### #...# #
#.#..# #.# #...####### #
.....# ##+###.###
###.......# # #.#.##
#........# #######.# #
....# #........# #.# #.#.#
#........##### #.# ....#
#........@{..#######.#####
...##
#........###./.....#.#....
.### #........#
.......#.#.... .###
#........# ......w#.#....
...#####........#
########.#####
##..............# #.#
##..######.##+####### #.#
##.#######.##.......## #.#
# ...........##........#
##.# #


There were no monsters in sight!

Vanquished Creatures
  5 adders
  A dart slug (D:3)
  An endoplasm (D:3)
  7 goblins
  6 hobgoblins
  7 jackals (D:1)
  2 kobolds (D:2)
  2 quokkas
  6 ball pythons
  5 bats
  A frilled lizard (D:2)
  A rat (D:1)
44 creatures vanquished.

Notes
Turn   | Place    | Note
-------+----------+-------------------------------------------
     0 | D:1      | Ekaitz the Octopode Earth Elementalist began the quest for
                  | the Orb.
     0 | D:1      | Reached XP level 1. HP: 11/11 MP: 3/3
   146 | D:1      | Reached XP level 2. HP: 17/17 MP: 3/5
   149 | D:1      | Learned a level 2 spell: Passwall
   567 | D:1      | Found Geopt's Jewellery Shoppe.
   835 | D:2      | Reached skill level 4 in Earth Magic
   835 | D:2      | Reached XP level 3. HP: 18/21 MP: 2/6
   839 | D:2      | Learned a level 3 spell: Stone Arrow
   900 | D:2      | Reached skill level 1 in Fighting
  1094 | D:2      | Reached XP level 4. HP: 28/28 MP: 0/7
  2253 | D:3      | Found a bloodstained altar of Trog.
  2254 | D:3      | Found a broken altar of Ashenzari.
  2254 | D:3      | Found a hide-covered altar of Uskayaw.
  2595 | D:3      | Noticed Sigmund
  2609 | D:3      | Slain by Sigmund

Illustrated notes

Levels and vault maps discovered:
D:1:      minmay_arrival_doors, layout_basic, serial_shops, shop
D:2:      layout_basic, minmay_misc_feat_roman
D:3:      layout_basic, chequers_temple_overflow_statue_of_worship,
          slow_altar_2, serial_co_window_serial, co_window_of_opportunity_a,
          co_window_paths_a, co_window_paths_b, co_window_of_opportunity_a,
          co_window_corner_a, co_window_corner_a, co_window_broadway_c,
          co_window_corner_cb, co_window_broadway_b, co_window_unsneaky_path_b,
          co_window_2corner, co_window_of_opportunity_b, glass_columns_b,
          glass_columns_b, glass_columns_a, uniq_sigmund

Skill      XL: |  1  2  3 |
---------------+----------+-----
Earth Magic    | 4 |  4.5
Fighting       | 1 |  1.6
Dodging        | |  2.4
Stealth        | |  2.6
Spellcasting   | |  2.0
Conjurations   | |  0.3
Transmutations | |  1.0

Action                     |  1- 3 |  4- 6 || total
---------------------------+-------+-------++-------
  Melee: Unarmed           |     4 |       ||     4
         Tentacles         |     8 |     2 ||    10
         Constrict         |     5 |     5 ||    10
         Spear             |    17 |    22 ||    39
         Dagger            |     2 |     3 ||     5
         Punch             |       |     1 ||     1
   Cast: Sandblast         |    18 |     7 ||    25
         Passwall          |     3 |     3 ||     6
         Stone Arrow       |     2 |     3 ||     5
   Stab: Sleeping          |     7 |    10 ||    17
 Armour: Skin              |     9 |    12 ||    21
  Dodge: Dodged            |    15 |     4 ||    19

Table legend: (Time is in decaauts)
 A = Elapsed time spent in this place.
 B = Non-inter-level travel time spent in this place.
 C = Inter-level travel time spent in this place.
 D = Time resting spent in this place.
 E = Time spent auto-exploring this place.
 F = Levels seen in this place.
 G = Mean time per level.
                   A        B        C        D        E       F      G
               +--------+--------+--------+--------+--------+-----+--------+
         Total |   2619 |   2563 |     56 |     85 |   1938 |   3 |  873.0 |
       Dungeon |   2619 |   2563 |     56 |     85 |   1938 |   3 |  873.0 |
               +--------+--------+--------+--------+--------+-----+--------+

Top non-repeatable levels by time:
     D:2: 1053 daAuts
     D:1: 836 daAuts
     D:3: 729 daAuts
